 Dungeon Crawl Stone Soup version 0.30.0-19-g36f170ea60 (webtiles) character file.

Game seed: 8570712539331006386

44 MacCMillion the Slasher (level 3, -6/28 HPs)
             Began as a Merfolk Gladiator on May 30, 2023.
             Mangled by Natasha (8 damage)
             ... on level 2 of the Dungeon.
             The game lasted 00:01:41 (1363 turns).

MacCMillion the Slasher (Merfolk Gladiator)         Turns: 1363, Time: 00:01:42

Health: -6/28      AC:  4    Str: 14    XL:     3   Next: 60%
Magic:  3/3        EV: 15    Int:  7    God:
Gold:   68         SH:  0    Dex: 23    Spells: 2/2 levels left

rFire   . . .        a - +0 long sword
rCold   . . .        (no shield)
rNeg    . . .        b - +0 leather armour
rPois   .            c - +0 helmet
rElec   .            (no cloak)
rCorr   .            (no gloves)
SInv    .            (no boots)
Will    .....        (no amulet)
Stlth   ++           h - +6 ring of dexterity
HPRegen 0.24/turn    (no ring)
MPRegen 0.08/turn

%: no passive effects
@: no status effects
A: (nimble swimmer 2), mertail
a: no special abilities


You were on level 2 of the Dungeon.
You visited 1 branch of the dungeon, and saw 2 of its levels.

You collected 68 gold pieces.

Inventory:

Hand Weapons
 a - a +0 long sword (weapon)
Missiles
 d - 3 throwing nets (quivered)
 e - a javelin
 t - 5 atropa-tipped darts
Armour
 b - a +0 leather armour (worn)
 c - a +0 helmet (worn)
Jewellery
 h - a +6 ring of dexterity (left hand)
 r - a ring of positive energy
Scrolls
 g - a scroll of acquirement {unknown}
 l - 3 scrolls of identify {unknown}
 m - a scroll of amnesia {unknown}
 n - a scroll of teleportation {unknown}
 o - a scroll of enchant armour {unknown}
 p - a scroll of poison {unknown}
 q - 3 scrolls of immolation {unknown}
Potions
 f - a potion of mutation {unknown}
 i - a potion of invisibility {unknown}
 j - a potion of resistance {unknown}
 k - a potion of magic {unknown}
 s - a potion of degeneration {unknown}


   Skills:
 + Level 2.8 Fighting
 * Level 4.6 Long Blades
 - Level 2.0 Throwing
 + Level 4.5 Dodging


You had 2 spell levels left.
You didn't know any spells.
Your spell library contained the following spells:

 Spells                   Type           Power      Damage    Failure   Level
 Chain Lightning          Conj/Air       0%         N/A       100%        9
 Fire Storm               Conj/Fire      0%         5d1       100%        9
 Shatter                  Erth           0%         3d5*      100%        9


Dungeon Overview and Level Annotations

Branches:
Dungeon (2/15)

Altars:
Kikubaaqudgha

Shops:
D:2 (

Annotations:
D:2 Natasha


Innate Abilities, Weirdness & Mutations

((You are very nimble when in or above water. (Stealth+, EV+, Speed+++)))
Your lower body shifts to a powerful aquatic tail in water.


Message History

You slash the worm!
The worm is almost dead.
You hit the worm.
The worm is almost dead.
The worm barely misses you.
You slash the worm!
You kill the worm!
No target in view!
t - 5 atropa-tipped darts Natasha, Servant of Life and Death comes into view.
She is carrying a wand of quicksilver (6).
Natasha is nearby!
Natasha zaps a wand.
The bolt of dispelling energy misses you.
Natasha stares at you and mumbles some strange words.
The magic dart hits you! Natasha claws you.
You are too injured to fight recklessly!
You are too injured to fight recklessly!
You miss Natasha. Natasha closely misses you.
Natasha stares at you and mumbles some strange words.
You feel yourself slow down.
You closely miss Natasha. Natasha claws you.
* * * LOW HITPOINT WARNING * * *
You hit Natasha.
Natasha is heavily wounded.
Natasha misses you.
Natasha howls an incantation.
Natasha shimmers violently.
Natasha closely misses you.
You closely miss Natasha.
Natasha is heavily wounded.
Natasha zaps a wand.
The bolt of dispelling energy hits you!
Your magical effects are unravelling.
* * * LOW HITPOINT WARNING * * *
Natasha mumbles some strange words.
You barely miss Natasha.
Natasha is moderately wounded.
You feel yourself speed up. Natasha claws you!
You die...

#.# #.# #.# #.# # #.#
###.# #.# #.####.#
#...# #<# #......#
#.### #.# ####†###
#.# #.# #.# ##.##
##.### #.# ##...##
∩....# #.####.....##
.###.####......5@...#
.# #......####..h...#
.###.###### ##...#.#
.....# ##.##.# ...###
#.# .. ##.# #.# ##
...# #.# .... ..#
#####


You could see Natasha and a cerulean imp (summoned).

Vanquished Creatures
  2 adders (D:2)
  A worm (D:2)
  3 ball pythons
  2 endoplasms
  A goblin (D:1)
  3 hobgoblins
  3 bats
  A frilled lizard (D:1)
  4 kobolds (D:1)
  5 rats
25 creatures vanquished.

Notes
Turn   | Place    | Note
-------+----------+-------------------------------------------
     0 | D:1      | MacCMillion the Merfolk Gladiator began the quest for the
                  | Orb.
     0 | D:1      | Reached XP level 1. HP: 16/16 MP: 1/1
   240 | D:1      | Reached XP level 2. HP: 23/23 MP: 2/2
   869 | D:2      | Reached XP level 3. HP: 16/28 MP: 3/3
  1231 | D:2      | Found Xunewiwiw's Weapon Shoppe.
  1292 | D:2      | Found an ancient bone altar of Kikubaaqudgha.
  1353 | D:2      | Noticed Natasha
  1362 | D:2      | HP: 1/28 [Natasha/bolt of dispelling energy (7)]
  1363 | D:2      | Mangled by Natasha

Illustrated notes

Levels and vault maps discovered:
D:1:      minmay_arrival_jagged, layout_loops_ring
D:2:      layout_loops_ring, serial_shops, shop, basic_altar, uniq_natasha

Skill      XL: |  1 |
---------------+----+-----
Long Blades    | 4 |  4.6
Fighting       | |  2.8
Throwing       | |  2.0
Dodging        | |  4.5

Action                     || total
---------------------------++-------
  Melee: Long sword        ||    76
         Punch             ||     1
 Armour: Leather armour    ||    24
  Dodge: Dodged            ||    54
